[Event "4th CNE NED-ch Women Rapid"]
[Site "Amstelveen"]
[Date "2018.11.18"]
[Round "1"]
[White "Lanchava, Tea"]
[Black "Kazarian, Anna-Maja"]
[Result "1/2-1/2"]
[ECO "A20"]
[WhiteElo "2314"]
[BlackElo "2194"]
[Annotator "NA"]
[PlyCount "129"]
[EventDate "2018.11.18"]
[EventType "tourn"]
[EventCountry "NED"]
[SourceTitle "playchess.com"]
[Source "ChessBase"]
[SourceQuality "1"]
[TimeControl "900+10"]

1. c4 e5 2. g3 Nf6 3. Bg2 d5 4. cxd5 Nxd5 5. Nc3 Nb6 6. d3 Be7 7. Nf3 Nc6 8. a3 Be6 9. b4 a5 10. b5 Nd4 11. Nxe5 Bb3 12. Qd2 Nc2+ 13. Kf1 Nxa1 14. Bxb7 O-O 15. Nc6 Qd7 16. Nxe7+ Qxe7 17. Bxa8 Rxa8 18. Qb2 Re8 19. Qxa1 Nd5 20. e4 Bc2 21. Ke2 Bxd3+ 22. Kxd3 Nxc3 23. Re1 Nxe4 24. Be3 Qd7+ 25. Ke2 Qxb5+ 26. Kf3 Qd5 27. Ke2 Ng5 28. Qc3 Qb5+ 29. Qd3 Qxd3+ 30. Kxd3 Nf3 31. Rc1 c6 32. h4 f5 33. Rc5 Ne5+ 34. Ke2 Ng4 35. Rxf5 Nxe3 36. fxe3 Ra8 37. Rc5 Ra6 38. Kd3 Kf7 39. Kc4 Ke6 40. Rg5 g6 41. Kc5 a4 42. Rg4 Ra5+ 43. Kxc6 Re5 44. e4 Ke7 45. Rf4 h6 46. Kb6 g5 47. Rf5 Rxe4 48. hxg5 hxg5 49. Rf3 g4 50. Rc3 Kd6 51. Kb5 Kd5 52. Rd3+ Ke5 53. Rc3 Kd5 54. Rd3+ Ke5 55. Kc5 Ke6 56. Rd8 Ke7 57. Rd4 Re3 58. Rxg4 Rxa3 59. Kb4 Ra1 60. Rg8 Kf7 61. Rg4 Kf6 62. Kc3 Kf5 63. Rf4+ Kg5 64. Kb2 Rg1 65. Rxa4 1/2-1/2

[Event "4th CNE NED-ch Women Rapid"]
[Site "Amstelveen"]
[Date "2018.11.18"]
[Round "1"]
[White "Haast, Anne"]
[Black "Ratsma, Rosa"]
[Result "1-0"]
[ECO "A21"]
[WhiteElo "2309"]
[BlackElo "2269"]
[Annotator "NA"]
[PlyCount "36"]
[EventDate "2018.11.18"]
[EventType "tourn"]
[EventCountry "NED"]
[SourceTitle "playchess.com"]
[Source "ChessBase"]
[SourceQuality "1"]
[TimeControl "900+10"]

1. c4 e5 2. Nc3 Bb4 3. Nd5 Bc5 4. Nf3 c6 5. Nc3 Qe7 6. d4 exd4 7. Nxd4 Nf6 8. Nf5 Qe5 9. Nxg7+ Kf8 10. f4 Qc7 11. Nf5 d5 12. Nd4 dxc4 13. e3 Rg8 14. g3 Bg4 15. Qd2 Nbd7 16. Bxc4 Re8 17. a3 a5 18. b3 Nb6 1-0

[Event "4th CNE NED-ch Women Rapid"]
[Site "Amstelveen"]
[Date "2018.11.18"]
[Round "1"]
[White "De Jong-Muhren, Bianca"]
[Black "Van Foreest, Machteld"]
[Result "1-0"]
[ECO "B47"]
[WhiteElo "2243"]
[BlackElo "2003"]
[Annotator "NA"]
[PlyCount "91"]
[EventDate "2018.11.18"]
[EventType "tourn"]
[EventCountry "NED"]
[SourceTitle "playchess.com"]
[Source "ChessBase"]
[SourceQuality "1"]
[TimeControl "900+10"]

1. e4 c5 2. Nf3 e6 3. d4 cxd4 4. Nxd4 Nc6 5. Nc3 Qc7 6. Be2 Nf6 7. O-O a6 8. Be3 b5 9. Nxc6 dxc6 10. a3 Bb7 11. f4 c5 12. e5 Nd5 13. Nxd5 Bxd5 14. c4 bxc4 15. Rc1 Rb8 16. Bxc4 Bxc4 17. Rxc4 Rxb2 18. Qa4+ Qd7 19. Qxa6 Qb7 20. Qa4+ Qb5 21. Qa8+ Kd7 22. Rd1+ Kc7 23. Qd8+ Kc6 24. Qc8+ Kb6 25. Qb8+ Kc6 26. Qc8+ Kb6 27. Rdc1 Qc6 28. Qb8+ Qb7 29. Qxb7+ Kxb7 30. Bxc5 Bxc5+ 31. Rxc5 Rf8 32. Rc7+ Kb6 33. R1c6+ Kb5 34. Rc5+ Kb6 35. R5c6+ Kb5 36. Rd6 Ra2 37. Rd3 Kb6 38. Rc4 Ra8 39. Rb3+ Ka5 40. Rc7 Ka4 41. Rb1 Kxa3 42. Rxf7 Ra4 43. g3 g6 44. Rxh7 Rd2 45. Ra1+ Kb3 46. Rb7+ 1-0

[Event "4th CNE NED-ch Women Rapid"]
[Site "Amstelveen"]
[Date "2018.11.18"]
[Round "1"]
[White "Keetman, Maaike"]
[Black "Paulet, Iozefina"]
[Result "0-1"]
[ECO "E15"]
[WhiteElo "2176"]
[BlackElo "2281"]
[Annotator "NA"]
[PlyCount "27"]
[EventDate "2018.11.18"]
[EventType "tourn"]
[EventCountry "NED"]
[SourceTitle "playchess.com"]
[Source "ChessBase"]
[SourceQuality "1"]
[TimeControl "900+10"]

1. d4 Nf6 2. c4 e6 3. Nf3 b6 4. g3 Ba6 5. b3 Bb7 6. Bg2 Bb4+ 7. Bd2 a5 8. O-O O-O 9. Qc2 Re8 10. Bg5 a4 11. Nbd2 h6 12. Bxf6 Qxf6 13. Rad1 axb3 14. axb3 0-1

[Event "4th CNE NED-ch Women Rapid"]
[Site "Amstelveen"]
[Date "2018.11.18"]
[Round "2"]
[White "Lanchava, Tea"]
[Black "De Jong-Muhren, Bianca"]
[Result "1-0"]
[ECO "A20"]
[WhiteElo "2314"]
[BlackElo "2243"]
[Annotator "NA"]
[PlyCount "169"]
[EventDate "2018.11.18"]
[EventType "tourn"]
[EventCountry "NED"]
[SourceTitle "playchess.com"]
[Source "ChessBase"]
[SourceQuality "1"]
[TimeControl "900+10"]

1. c4 e5 2. g3 Nf6 3. Bg2 Bc5 4. Nc3 a6 5. Nf3 d6 6. O-O Nc6 7. e3 O-O 8. d4 {[%emt 0:00:03] A29: English Opening: Four Knights Variation with 4 g3} Ba7 9. h3 h6 10. a3 (10. dxe5 dxe5 11. Qxd8 Rxd8 12. b3 Be6 13. Ba3 Rd7 14. Rfd1 Rad8 15. Rxd7 Rxd7 {½-½ (41) Howell,D (2676)-Ponomariov,R (2694) Riadh 2017}) 10... exd4 11. exd4 Ne7 12. g4 $146 ({Predecessor:} 12. b4) 12... Nxg4 13. hxg4 Bxg4 14. Qd3 c6 15. Nh2 Bh5 16. Be3 d5 17. Ne2 Bg6 18. Qc3 dxc4 19. Qxc4 Nd5 20. Bxd5 (20. Qb3 $16) 20... cxd5 21. Qb3 Rc8 (21... Qh4 $11 {keeps the balance.}) 22. Rac1 Bb8 {[%emt 0:00:56] [#]} 23. Bf4 ({Much weaker is} 23. Qxb7 $6 Qh4 $11) (23. Rxc8 $1 $16 Qxc8 24. Qxd5) 23... Bxf4 24. Nxf4 Be4 25. Rxc8 Qxc8 (25... Qg5+ $16 26. Qg3 Rxc8) 26. Qg3 Qc2 27. f3 Bf5 28. Rf2 Qd1+ 29. Kg2 Qxd4 30. Ng4 Kh7 31. Nh5 Bg6 32. Nf4 Bf5 33. Nh3 Rc8 34. Qf4 Qxf4 35. Nxf4 d4 36. Rd2 Rd8 37. Ne2 d3 38. Nc3 Re8 39. Nf2 Re3 40. Nce4 Re2 41. Rxd3 Rxb2 42. Rc3 b5 43. Nd6 Be6 44. Kg3 a5 45. Rc5 Rb3 46. Nxb5 Bd7 47. a4 Rb4 48. Rc7 Bxb5 49. axb5 Rxb5 50. Rxf7 a4 51. Ra7 Rb4 52. Ng4 h5 53. Nf6+ Kh6 54. Ne4 Rc4 55. Nd6 h4+ 56. Kh3 Rf4 57. Nf7+ Kh5 58. Ra5+ Kg6 59. Ne5+ Kf6 60. Ng4+ Ke6 61. Kg2 Kd6 62. Ra7 g5 63. Ra5 Kc6 64. Rxg5 Kb6 65. Rg8 Kb7 66. Re8 a3 67. Re2 Ra4 68. Ra2 Kc6 69. Ne5+ Kd5 70. Nd3 Kc4 71. Nc1 Kc3 $2 (71... Kd5 $16) 72. Rf2 (72. Kh3 $18) 72... Ra8 73. f4 Rg8+ 74. Kh2 Rd8 75. f5 Rd1 76. Na2+ Kb3 77. f6 Rd8 78. Nc1+ Kc3 79. Kh3 Rh8 80. f7 Rf8 81. Kxh4 Kd4 82. Kg5 Ke5 83. Re2+ Kd6 84. Kf6 Rc8 85. Rd2+ {[%emt 0:00:06] Kd5} 1-0

[Event "4th CNE NED-ch Women Rapid"]
[Site "Amstelveen"]
[Date "2018.11.18"]
[Round "2"]
[White "Paulet, Iozefina"]
[Black "Haast, Anne"]
[Result "0-1"]
[ECO "B40"]
[WhiteElo "2281"]
[BlackElo "2309"]
[Annotator "ChessBase"]
[PlyCount "124"]
[EventDate "2018.11.18"]
[EventType "tourn"]
[EventCountry "NED"]
[SourceTitle "playchess.com"]
[Source "ChessBase"]
[SourceQuality "1"]
[TimeControl "900+10"]

1. e4 c5 2. Nf3 e6 3. b3 d5 4. exd5 Qxd5 5. Bc4 Qd8 6. Bb2 Nf6 7. Ne5 a6 8. a4 Be7 9. O-O O-O 10. a5 Nbd7 11. f4 Nd5 12. Nc3 N7f6 13. Nxd5 exd5 14. Bd3 Ne4 15. Bxe4 dxe4 16. Qe2 Bf6 17. Bc3 Bf5 18. Ra4 Qc8 19. Rc4 Rd8 20. Qe3 Rd5 21. Rb1 Be7 22. Ra4 c4 23. Rxc4 Qf8 24. Qg3 h5 25. Rc1 h4 26. Qe1 f6 27. Qxh4 fxe5 28. Qg3 exf4 29. Qxf4 Bf6 30. Rf1 Bxc3 31. Rxc3 Qe7 32. Rc7 Qe5 33. Qxe5 Rxe5 34. Rxb7 Rd8 35. Rf2 Rxa5 36. h3 Bg6 37. Rb6 Kh7 38. Kh2 Rad5 39. Rf4 R5d6 40. Rxd6 Rxd6 41. Rf2 a5 42. g4 Rc6 43. c3 Rb6 44. h4 Rxb3 45. Rf8 e3 46. dxe3 Rxc3 47. Ra8 Rc5 48. h5 Bc2 49. Kg3 a4 50. Kh4 Rc4 51. Kg5 Bd1 52. h6 gxh6+ 53. Kf6 Rc6+ 54. Kf5 Rc7 55. e4 Rg7 56. Kf6 Rg6+ 57. Ke5 Rxg4 58. Kf5 Rg7 59. e5 Bb3 60. e6 Re7 61. Ra6 Kg7 62. Rd6 Bxe6+ 0-1

[Event "4th CNE NED-ch Women Rapid"]
[Site "Amstelveen"]
[Date "2018.11.18"]
[Round "2"]
[White "Kazarian, Anna-Maja"]
[Black "Ratsma, Rosa"]
[Result "1-0"]
[ECO "E06"]
[WhiteElo "2194"]
[BlackElo "2269"]
[Annotator "NA"]
[PlyCount "83"]
[EventDate "2018.11.18"]
[EventType "tourn"]
[EventCountry "NED"]
[SourceTitle "playchess.com"]
[Source "ChessBase"]
[SourceQuality "1"]
[TimeControl "900+10"]

1. Nf3 Nf6 2. c4 e6 3. g3 d5 4. d4 Be7 5. Bg2 O-O 6. Qc2 c5 7. cxd5 Nxd5 8. dxc5 Qa5+ 9. Bd2 Qxc5 10. Qxc5 Bxc5 11. O-O Nc6 12. Nc3 Rd8 13. Rfd1 h6 14. Rac1 Bb6 15. Be1 Nf6 16. Na4 Rxd1 17. Rxd1 Bc7 18. b4 a6 19. a3 Rb8 20. Rc1 Bd7 21. Nc5 Be8 22. Bc3 Bd6 23. Bb2 a5 24. b5 Ne7 25. a4 Nfd5 26. Nb3 Bb4 27. Bd4 Rc8 28. Rxc8 Nxc8 29. Ne5 Ncb6 30. e4 Nxa4 31. exd5 Bxb5 32. dxe6 fxe6 33. Bxb7 Nc3 34. Bc5 Bxc5 35. Nxc5 Kf8 36. Nxe6+ Ke7 37. Nd4 Be8 38. Nec6+ Kd6 39. Nxa5 Kc5 40. Nab3+ Kb4 41. Nd2 Bf7 42. Nf5 1-0

[Event "4th CNE NED-ch Women Rapid"]
[Site "Amstelveen"]
[Date "2018.11.18"]
[Round "2"]
[White "Van Foreest, Machteld"]
[Black "Keetman, Maaike"]
[Result "0-1"]
[ECO "C03"]
[WhiteElo "2003"]
[BlackElo "2176"]
[Annotator "NA"]
[PlyCount "97"]
[EventDate "2018.11.18"]
[EventType "tourn"]
[EventCountry "NED"]
[SourceTitle "playchess.com"]
[Source "ChessBase"]
[SourceQuality "1"]
[TimeControl "900+10"]

1. e4 e6 2. d4 d5 3. Nd2 Be7 4. c3 c5 5. e5 cxd4 6. cxd4 Qb6 7. Ngf3 Bd7 8. b3 Bb5 9. Bxb5+ Qxb5 10. Qe2 Qxe2+ 11. Kxe2 Nc6 12. Bb2 Nh6 13. Nf1 Kd7 14. Ne3 Rhc8 15. Rhc1 f6 16. Kd3 Nf7 17. Ng4 h5 18. Ne3 Bd8 19. g4 Bc7 20. exf6 gxf6 21. gxh5 Rh8 22. Ng4 f5 23. Nge5+ Nfxe5+ 24. dxe5 Rxh5 25. Rg1 Re8 26. Rg7+ Re7 27. Rag1 Rh7 28. Rg8 Re8 29. Rxe8 Kxe8 30. Rg8+ Kd7 31. Ke3 Nb4 32. a3 Nc6 33. Kf4 Bb6 34. Kg3 d4 35. Kg2 d3 36. Kf1 Rh3 37. Rg3 Rxg3 38. fxg3 Na5 39. Nd2 Be3 40. Ke1 Kc6 41. Bc3 b6 42. Bxa5 bxa5 43. Nc4 Bh6 44. Nxa5+ Kd5 45. Nc4 Kd4 46. Kd1 Kc3 47. a4 Kxb3 48. Nd2+ Kxa4 49. Nf3 0-1

[Event "4th CNE NED-ch Women Rapid"]
[Site "Amstelveen"]
[Date "2018.11.18"]
[Round "3"]
[White "Haast, Anne"]
[Black "Van Foreest, Machteld"]
[Result "1-0"]
[ECO "B48"]
[WhiteElo "2309"]
[BlackElo "2003"]
[Annotator "NA"]
[PlyCount "95"]
[EventDate "2018.11.18"]
[EventType "tourn"]
[EventCountry "NED"]
[SourceTitle "playchess.com"]
[Source "ChessBase"]
[SourceQuality "1"]
[TimeControl "900+10"]

1. e4 c5 2. Nf3 e6 3. d4 cxd4 4. Nxd4 Nc6 5. Nc3 Qc7 6. Be3 Nf6 7. Be2 a6 8. O-O b5 9. Nxc6 dxc6 10. f3 Bd6 11. g3 Bxg3 12. f4 b4 13. hxg3 bxc3 14. Bf3 cxb2 15. Rb1 Rb8 16. Bc5 Qa5 17. Qd6 Rb7 18. Rxb2 Qc7 19. Rxb7 Qxb7 20. Rd1 Qd7 21. Qe5 Qb7 22. Qc3 h5 23. Kh2 Qc7 24. Bd6 Qb6 25. Rd4 h4 26. g4 e5 27. Bxe5 Nxg4+ 28. Bxg4 Bxg4 29. Bxg7 Rg8 30. Bf6 Bd7 31. Qd2 h3 32. Bg5 Qc7 33. e5 f6 34. exf6 Rxg5 35. Qe3+ Kd8 36. Rxd7+ Qxd7 37. Qe7+ Qxe7 38. fxe7+ Kxe7 39. fxg5 Ke6 40. Kxh3 Kf5 41. Kh4 Kg6 42. Kg4 c5 43. c4 Kg7 44. Kf5 Kf7 45. Ke5 Kg6 46. Kd5 Kxg5 47. Kxc5 Kf5 48. Kd6 {[%emt 0:00:06] Ke5+ [%clk 0:01:20]} 1-0

[Event "4th CNE NED-ch Women Rapid"]
[Site "Amstelveen"]
[Date "2018.11.18"]
[Round "3"]
[White "Ratsma, Rosa"]
[Black "Paulet, Iozefina"]
[Result "1-0"]
[ECO "C00"]
[WhiteElo "2269"]
[BlackElo "2281"]
[Annotator "NA"]
[PlyCount "107"]
[EventDate "2018.11.18"]
[EventType "tourn"]
[EventCountry "NED"]
[SourceTitle "playchess.com"]
[Source "ChessBase"]
[SourceQuality "1"]
[TimeControl "900+10"]

1. e4 e6 2. d4 d5 3. Bd3 c5 4. exd5 Qxd5 5. Nc3 Qd8 6. Nf3 Nf6 7. O-O Nc6 8. dxc5 Bxc5 9. Bg5 Be7 10. Qe2 a6 11. Rad1 Qc7 12. Ne4 Bd7 13. c4 Rc8 14. b3 Ne5 15. Bf4 Nxf3+ 16. Qxf3 e5 17. Bg3 Bc6 18. Qf5 Bxe4 19. Bxe4 Nxe4 20. Bxe5 Qc6 21. Rfe1 Nxf2 22. Qxf2 O-O 23. Bxg7 Rfd8 24. Qg3 Qg6 25. Rxd8+ Bxd8 26. Bb2 Bb6+ 27. Kh1 Qxg3 28. hxg3 Bc5 29. Re5 f6 30. Rd5 Bf2 31. Bxf6 Re8 32. Be5 Re7 33. g4 Re6 34. g3 Kf7 35. Kg2 Bb6 36. Kf3 Re7 37. Kf4 Bf2 38. g5 Bg1 39. Kf5 Bf2 40. Rd2 Be3 41. Rd5 Bf2 42. g4 Be3 43. b4 Bc1 44. a4 Ba3 45. b5 axb5 46. axb5 Bb4 47. c5 Ba5 48. c6 Ke8 49. g6 hxg6+ 50. Kxg6 bxc6 51. bxc6 Bc7 52. Bxc7 Rxc7 53. Rd6 Ke7 54. Rd7+ 1-0

[Event "4th CNE NED-ch Women Rapid"]
[Site "Amstelveen"]
[Date "2018.11.18"]
[Round "3"]
[White "De Jong-Muhren, Bianca"]
[Black "Kazarian, Anna-Maja"]
[Result "1-0"]
[ECO "B14"]
[WhiteElo "2243"]
[BlackElo "2194"]
[Annotator "NA"]
[PlyCount "117"]
[EventDate "2018.11.18"]
[EventType "tourn"]
[EventCountry "NED"]
[SourceTitle "playchess.com"]
[Source "ChessBase"]
[SourceQuality "1"]
[TimeControl "900+10"]

1. e4 c6 2. d4 d5 3. exd5 cxd5 4. c4 Nf6 5. Nc3 e6 6. Nf3 Bb4 7. Qb3 Nc6 8. cxd5 Nxd5 9. Bd3 Qb6 10. Bd2 Nxd4 11. Nxd4 Qxd4 12. Bb5+ Kf8 13. O-O-O Be7 14. Rhe1 Qb4 15. Nxd5 Qxb3 16. axb3 exd5 17. Bb4 Be6 18. Bxe7+ Kxe7 19. Rxd5 Rac8+ 20. Kb1 Rhd8 21. Bc4 Kf6 22. Rxd8 Rxd8 23. Bxe6 Re8 24. Rd1 Rxe6 25. Rd2 a6 26. b4 Rb6 27. Rd4 Ke5 28. Rh4 h6 29. Kc2 g5 30. Rh3 Rf6 31. Re3+ Kd4 32. Re2 Kc4 33. Re4+ Kb5 34. f3 b6 35. Kb3 Rd6 36. Re7 Rd4 37. Rxf7 Rxb4+ 38. Kc2 Rc4+ 39. Kd3 Rc6 40. f4 Kb4 41. fxg5 hxg5 42. Rf5 Kb3 43. Rxg5 Rd6+ 44. Ke4 Kxb2 45. h4 b5 46. h5 Rd1 47. g4 b4 48. h6 Rd8 49. h7 Rh8 50. Rh5 b3 51. g5 Kc3 52. g6 b2 53. Rh3+ Kb4 54. Rh1 a5 55. Rb1 Kc3 56. g7 Rxh7 57. g8=Q Rh4+ 58. Kf3 Kc2 59. Qg6+ 1-0

[Event "4th CNE NED-ch Women Rapid"]
[Site "Amstelveen"]
[Date "2018.11.18"]
[Round "3"]
[White "Keetman, Maaike"]
[Black "Lanchava, Tea"]
[Result "1-0"]
[ECO "B12"]
[WhiteElo "2176"]
[BlackElo "2314"]
[Annotator "NA"]
[PlyCount "82"]
[EventDate "2018.11.18"]
[EventType "tourn"]
[EventCountry "NED"]
[SourceTitle "playchess.com"]
[Source "ChessBase"]
[SourceQuality "1"]
[TimeControl "900+10"]

1. e4 c6 2. d4 g6 3. c3 Bg7 4. Bd3 d6 5. Nf3 Nd7 6. O-O Nh6 7. Re1 e5 8. h3 f6 9. Qb3 Qe7 10. Be3 Nf7 11. Nbd2 O-O 12. a4 b6 13. a5 b5 14. d5 Nc5 15. Bxc5 dxc5 16. dxc6 c4 17. Nxc4 $1 bxc4 $11 18. Bxc4 Kh8 19. Qa3 Qc7 20. Bd5 Nd8 21. b4 a6 22. Qa4 f5 23. c4 fxe4 24. Bxe4 Ne6 25. Red1 Nd4 26. b5 Ne2+ 27. Kh1 Nc3 28. Qc2 Nxd1 29. b6 Nxf2+ 30. Qxf2 Qe7 31. c7 Be6 32. Bxa8 e4 33. Re1 exf3 34. Bxf3 Qd7 35. Qg3 Bc3 36. Rd1 Qg7 37. Qd6 Bxh3 38. Qxf8+ Qxf8 39. Rd8 Kg7 40. Rxf8 Kxf8 41. gxh3 Ke7 1-0

[Event "4th CNE NED-ch Women Rapid"]
[Site "Amstelveen"]
[Date "2018.11.18"]
[Round "4"]
[White "Lanchava, Tea"]
[Black "Haast, Anne"]
[Result "0-1"]
[ECO "A22"]
[WhiteElo "2314"]
[BlackElo "2309"]
[Annotator "NA"]
[PlyCount "92"]
[EventDate "2018.11.18"]
[EventType "tourn"]
[EventCountry "NED"]
[SourceTitle "playchess.com"]
[Source "ChessBase"]
[SourceQuality "1"]
[TimeControl "900+10"]

1. c4 e5 2. Nc3 Nf6 3. g3 d5 4. cxd5 Nxd5 5. Bg2 Nb6 6. d3 Be7 7. a3 O-O 8. Nf3 Nc6 9. b4 Be6 10. O-O f6 11. Bb2 a5 {[%emt 0:00:02] A29: English Opening: Four Knights Variation with 4 g3} 12. b5 Nd4 13. Nd2 Qc8 14. e3 Nf5 {[%emt 0:00:03] [#]} 15. Nde4 $146 ({Predecessor:} 15. Rc1 a4 16. Qe2 Nd6 17. Nde4 Nf7 18. f4 Qd7 19. Nf2 exf4 20. gxf4 {1-0 (36) Van Wely,L (2657)-Van den Doel,E (2589) Amstelveen 2017}) 15... Rd8 16. Qe2 Nh6 17. f4 exf4 18. gxf4 Qd7 19. Nf2 Nd5 20. Nxd5 Bxd5 21. e4 Bf7 22. d4 a4 23. Bh3 Qe8 24. f5 Ra5 25. Rfc1 Bd6 26. Bf1 Bh5 27. Qc4+ Kh8 28. e5 $2 (28. Qc3 $11 {and White stays safe.} Rxb5 29. Bxb5 Qxb5 30. Rab1) 28... Nxf5 29. Qc3 {[%emt 0:02:14] [#]} fxe5 $1 30. dxe5 ({Weaker is} 30. Qxa5 Qg6+ 31. Ng4 (31. Bg2 $2 Bf3 $19) 31... Qxg4+ {[%mdl 64] Double Attack} 32. Bg2 e4) (30. Qh3 $142 Qg6+ 31. Kh1 Nxd4 32. Bd3) 30... Bxe5 31. Qxe5 Qg6+ 32. Bg2 Bf3 33. Ng4 Qxg4 34. Rc2 Nh4 35. Re1 Raa8 $2 (35... Rg8 $19 36. Qg3 Qxg3 37. hxg3 Nxg2) 36. Qg3 $1 Rd7 37. Qxg4 Bxg4 38. Bxb7 Rf8 39. Rc4 h5 40. h3 Nf3+ 41. Bxf3 Bxf3 42. Rf1 Rd2 43. Bd4 Rg2+ 44. Kh1 Rf2+ 45. Kg1 Rxf1+ 46. Kxf1 Bd5+ 0-1

[Event "4th CNE NED-ch Women Rapid"]
[Site "Amstelveen"]
[Date "2018.11.18"]
[Round "4"]
[White "De Jong-Muhren, Bianca"]
[Black "Keetman, Maaike"]
[Result "1/2-1/2"]
[ECO "C03"]
[WhiteElo "2243"]
[BlackElo "2176"]
[Annotator "NA"]
[PlyCount "95"]
[EventDate "2018.11.18"]
[EventType "tourn"]
[EventCountry "NED"]
[SourceTitle "playchess.com"]
[Source "ChessBase"]
[SourceQuality "1"]
[TimeControl "900+10"]

1. e4 e6 2. d4 d5 3. Nd2 Be7 4. Bd3 c5 5. dxc5 Nf6 6. Qe2 O-O 7. Ngf3 a5 8. c3 Na6 9. e5 Nd7 10. Nb3 Naxc5 11. Nxc5 Nxc5 12. Bc2 b6 13. Bf4 Ba6 14. Qe3 Qc7 15. O-O-O b5 16. h4 b4 17. Ng5 g6 18. h5 Ne4 19. Nxe4 dxe4 20. hxg6 fxg6 21. Qh3 Rf7 22. Qxe6 Bc4 23. Rd7 Bxe6 24. Rxc7 bxc3 25. Be3 Bxa2 26. Rxc3 Bd5 27. Rd1 Rd8 28. Rxd5 Rxd5 29. Bb3 Rxe5 30. Rc8+ Bf8 31. Bh6 Rc5+ 32. Rxc5 Bxc5 33. f3 exf3 34. gxf3 Bf8 35. Bd2 a4 36. Be6 Kg7 37. Bc3+ Rf6 38. Bd7 a3 39. bxa3 Bxa3+ 40. Kc2 Kf7 41. Bxf6 Kxf6 42. Kd3 Ke5 43. Ke2 Kf4 44. Kf2 h5 45. Be8 h4 46. Bxg6 h3 47. Kg1 Kxf3 48. Kh1 1/2-1/2

[Event "4th CNE NED-ch Women Rapid"]
[Site "Amstelveen"]
[Date "2018.11.18"]
[Round "4"]
[White "Kazarian, Anna-Maja"]
[Black "Paulet, Iozefina"]
[Result "0-1"]
[ECO "A65"]
[WhiteElo "2194"]
[BlackElo "2281"]
[Annotator "NA"]
[PlyCount "68"]
[EventDate "2018.11.18"]
[EventType "tourn"]
[EventCountry "NED"]
[SourceTitle "playchess.com"]
[Source "ChessBase"]
[SourceQuality "1"]
[TimeControl "900+10"]

1. d4 Nf6 2. c4 c5 3. d5 e6 4. Nc3 exd5 5. cxd5 d6 6. e4 g6 7. Bf4 a6 8. a4 Bg7 9. Bc4 O-O 10. Nge2 Re8 11. Qc2 Nh5 12. Be3 Nd7 13. f4 f5 14. O-O fxe4 15. Nxe4 Ndf6 16. Nxf6+ Nxf6 17. Ra3 Bf5 18. Qd1 b5 19. Bd3 b4 20. Rb3 Qe7 21. Bxf5 gxf5 22. Rf3 a5 23. Ng3 Qd7 24. Bf2 Ng4 25. Qc2 Rf8 26. Nh5 Nxf2 27. Kxf2 Bd4+ 28. Kf1 Qxa4 29. Rg3+ Kh8 30. Qc1 c4 31. Rbf3 Qb5 32. Qd1 c3+ 33. Rd3 cxb2 34. Rg5 Rac8 0-1

[Event "4th CNE NED-ch Women Rapid"]
[Site "Amstelveen"]
[Date "2018.11.18"]
[Round "4"]
[White "Van Foreest, Machteld"]
[Black "Ratsma, Rosa"]
[Result "0-1"]
[ECO "B96"]
[WhiteElo "2003"]
[BlackElo "2269"]
[Annotator "NA"]
[PlyCount "60"]
[EventDate "2018.11.18"]
[EventType "tourn"]
[EventCountry "NED"]
[SourceTitle "playchess.com"]
[Source "ChessBase"]
[SourceQuality "1"]
[TimeControl "900+10"]

1. e4 c5 2. Nf3 d6 3. d4 cxd4 4. Nxd4 Nf6 5. Nc3 a6 6. Bg5 e6 7. f4 h6 8. Bh4 Be7 9. Bg3 Qa5 10. Qd2 b5 11. Nb3 Qc7 12. Bd3 Bb7 13. a3 h5 14. Bf2 Nbd7 15. O-O-O Rc8 16. Rhe1 O-O 17. h3 Rfd8 18. g4 Nc5 19. Nxc5 dxc5 20. Qe3 b4 21. axb4 cxb4 22. Nb1 hxg4 23. hxg4 Nxg4 24. Qg3 Rxd3 25. Qxd3 Nxf2 26. Qe2 Nxd1 27. Rxd1 Qxf4+ 28. Nd2 b3 29. c3 Bg5 30. Kb1 Rd8 0-1

[Event "4th CNE NED-ch Women Rapid"]
[Site "Amstelveen"]
[Date "2018.11.18"]
[Round "5"]
[White "Haast, Anne"]
[Black "De Jong-Muhren, Bianca"]
[Result "0-1"]
[ECO "B48"]
[WhiteElo "2309"]
[BlackElo "2243"]
[Annotator "ChessBase"]
[PlyCount "142"]
[EventDate "2018.11.18"]
[EventType "tourn"]
[EventCountry "NED"]
[SourceTitle "playchess.com"]
[Source "ChessBase"]
[SourceQuality "1"]
[TimeControl "900+10"]

1. e4 c5 2. Nf3 e6 3. d4 cxd4 4. Nxd4 Nc6 5. Nc3 Qc7 6. Be3 a6 7. Qf3 Nf6 8. Qg3 Qxg3 9. hxg3 Ng4 10. Nxc6 Nxe3 11. Nd4 Nxf1 12. Kxf1 b5 13. Nb3 Bb4 14. Ne2 Bb7 15. f3 a5 16. c3 Be7 17. Nbd4 Ba6 18. Rh5 b4 19. Kf2 Bd8 20. Rd1 Bb6 21. Ke1 O-O 22. b3 g6 23. Rh3 bxc3 24. Nxc3 Rac8 25. Na4 Ba7 26. Ne2 Rc2 27. Rd2 Rfc8 28. Kd1 Rxd2+ 29. Kxd2 Bxe2 30. Kxe2 Rc2+ 31. Kd3 Rxa2 32. Rh2 Bg1 33. Rh1 Rxg2 34. g4 Kg7 35. Nc3 Bb6 36. Ne2 Rf2 37. Rh3 Rf1 38. f4 d5 39. exd5 exd5 40. Kd2 Bc7 41. Ke3 d4+ 42. Kxd4 Bxf4 43. Kc4 Be5 44. Kb5 Ra1 45. Re3 f6 46. Ng3 Bxg3 47. Rxg3 Kh6 48. Rc3 Kg5 49. Rc4 h5 50. gxh5 gxh5 51. Rc8 h4 52. Rh8 f5 53. Kc4 Rd1 54. b4 axb4 55. Kxb4 Rc1 56. Kb3 Kg4 57. Kb2 Rc7 58. Rg8+ Kf3 59. Rh8 Kg3 60. Rg8+ Kf3 61. Rh8 Rc4 62. Kb3 Rg4 63. Kc2 Kg2 64. Rd8 f4 65. Rd2+ Kg3 66. Kd3 h3 67. Ke4 f3+ 68. Ke3 h2 69. Rd1 Kg2 70. Rd2+ Kg3 71. Rd1 Rh4 {[%emt 0:00:07] Kd4} 0-1

[Event "4th CNE NED-ch Women Rapid"]
[Site "Amstelveen"]
[Date "2018.11.18"]
[Round "5"]
[White "Paulet, Iozefina"]
[Black "Van Foreest, Machteld"]
[Result "1-0"]
[ECO "B40"]
[WhiteElo "2281"]
[BlackElo "2003"]
[Annotator "ChessBase"]
[PlyCount "59"]
[EventDate "2018.11.18"]
[EventType "tourn"]
[EventCountry "NED"]
[SourceTitle "playchess.com"]
[Source "ChessBase"]
[SourceQuality "1"]
[TimeControl "900+10"]

1. e4 c5 2. Nf3 e6 3. b3 d5 4. exd5 exd5 5. Bb5+ Bd7 6. Bxd7+ Qxd7 7. O-O Nf6 8. d4 cxd4 9. Re1+ Be7 10. Ba3 Nc6 11. Ne5 Nxe5 12. Rxe5 O-O 13. Rxe7 Qc6 14. Qxd4 Rfe8 15. Rxe8+ Rxe8 16. Nc3 Qe6 17. h3 Qf5 18. Bb2 b6 19. Rd1 Rd8 20. Qd3 Qe5 21. Na4 Qg5 22. Bxf6 Qxf6 23. Nc3 d4 24. Ne2 Qd6 25. Nxd4 Qa3 26. Re1 g6 27. Qe3 Qxa2 28. Nc6 Ra8 29. Qe5 Qxc2 30. Ne7+ 1-0

[Event "4th CNE NED-ch Women Rapid"]
[Site "Amstelveen"]
[Date "2018.11.18"]
[Round "5"]
[White "Ratsma, Rosa"]
[Black "Lanchava, Tea"]
[Result "0-1"]
[ECO "B10"]
[WhiteElo "2269"]
[BlackElo "2314"]
[Annotator "ChessBase"]
[PlyCount "170"]
[EventDate "2018.11.18"]
[EventType "tourn"]
[EventCountry "NED"]
[SourceTitle "playchess.com"]
[Source "ChessBase"]
[SourceQuality "1"]
[TimeControl "900+10"]

1. e4 c6 2. Nc3 g6 3. d4 Bg7 4. Bc4 d6 5. a4 Nf6 6. Nf3 O-O 7. O-O d5 8. exd5 cxd5 9. Bb3 Nc6 10. Bg5 Bg4 11. Bxf6 Bxf6 12. Nxd5 Bxd4 13. c3 Bg7 14. h3 Bd7 15. Re1 e6 16. Ne3 Na5 17. Bc2 Qc7 18. Qe2 Rad8 19. Red1 Qb6 20. b4 Nc6 21. Nc4 Qc7 22. b5 Na5 23. Nce5 Qxc3 24. Rac1 Bh6 25. Rd3 Qc7 26. Rcd1 Rc8 27. Nxd7 Qxc2 28. Qxc2 Rxc2 29. Nxf8 Kxf8 30. Rd7 Rc5 31. Rd8+ Kg7 32. Ra8 Rc4 33. Rxa7 Rxa4 34. Nd4 Ra3 35. b6 Bf4 36. Nb5 Ra2 37. g3 Bb8 38. Ra8 Be5 39. Kg2 g5 40. Re1 Kf6 41. Kf3 h5 42. g4 hxg4+ 43. hxg4 Ra4 44. Re4 Ra1 45. Kg2 Ra2 46. Nd4 Ra4 47. Rxa5 Rxa5 48. Nf3 Bf4 49. Rb4 Bd6 50. Rb3 Bc5 51. Nd2 Ke7 52. Ne4 Bd4 53. Rb4 Bc5 54. Rb2 f6 55. Rb3 Bd4 56. Rb4 Rd5 57. f3 Be3 58. Rb3 Bd4 59. Rb4 Kd7 60. Rc4 Be5 61. Nc5+ Kc6 62. Nxe6+ Kxb6 63. Ng7 Rd2+ 64. Kf1 Kb5 65. Re4 Kc5 66. Ne6+ Kd5 67. Ng7 b5 68. Nf5 b4 69. Rxb4 Bc3 70. Ne3+ Ke6 71. Rb6+ Kf7 72. Rb7+ Ke8 73. Rb8+ Kd7 74. Rb7+ Kc6 75. Re7 Bd4 76. Nf5 Be5 77. Ke1 Rh2 78. Ra7 Kc5 79. Kf1 Kc4 80. Rd7 Ra2 81. Rd1 Kc3 82. Rd7 Rh2 83. Ne3 Bd4 84. Ng2 Kd3 85. f4 Rh1# 0-1